 Dungeon Crawl Stone Soup version 0.20.1-1-g8b1a95d (webtiles) character file.

156 numbuhfour the Conjurer (level 4, -9/34 HPs)
             Began as a Demigod Conjurer on Aug 5, 2017.
             Blown up by Ijyb (16 damage)
             ... with a wand of disintegration (?/24)
             ... on level 3 of the Dungeon.
             The game lasted 00:16:54 (2502 turns).

numbuhfour the Conjurer (Demigod Conjurer)          Turns: 2502, Time: 00:16:55

Health: -9/34      AC:  2    Str: 11    XL:     4   Next: 92%
Magic:  0/10       EV: 13    Int: 21    God:
Gold:   145        SH:  0    Dex: 18    Spells: 5/8 levels left

rFire    . . .     SeeInvis .   k - +0 blowgun
rCold    . . .     Gourm    .   (no shield)
rNeg     . . .     Faith    .   h - +0 robe
rPois    .         Spirit   .   (no helmet)
rElec    .         Reflect  .   (no cloak)
rCorr    .         Harm     .   (no gloves)
MR       .....                  (no boots)
Stlth    ++........             (no amulet)
Regen    0.2/turn               e - +2 ring of dexterity
MPRegen  0.2/turn               (no ring)

@: no status effects
A: high mp 1
a: no special abilities


You were on level 3 of the Dungeon.
You were not hungry.

You visited 1 branch of the dungeon, and saw 3 of its levels.

You collected 145 gold pieces.

Inventory:

Hand Weapons
 k - a +0 blowgun (weapon)
Missiles
 m - 7 poisoned needles (quivered)
Armour
 a - a +0 robe
 h - a +0 robe (worn)
Jewellery
 e - a +2 ring of dexterity (left hand)
Scrolls
 i - 3 scrolls of amnesia
 l - a scroll of magic mapping
 n - a scroll of identify
 q - a scroll of teleportation
Potions
 g - a potion of haste {unknown}
Books
 b - a book of Conjurations

   Spells                             Type                      Level
   a - Magic Dart                     Conjuration                  1
   b - Searing Ray                    Conjuration                  2
   c - Dazzling Spray                 Conjuration/Hexes            3
   d - Fulminant Prism                Conjuration/Hexes            4
   e - Force Lance                    Conjuration/Translocation    4
   f - Iskenderun's Mystic Blast      Conjuration                  4
Comestibles
 c - a bread ration
 d - 3 royal jellies
 o - 5 chunks of flesh
 r - a meat ration


   Skills:
 + Level 0.8 Fighting
 + Level 2.0 Dodging
 + Level 2.3 Stealth
 + Level 0.5 Unarmed Combat
 + Level 2.5 Spellcasting
 + Level 4.9 Conjurations


You had 5 spell levels left.
You knew the following spells:

 Your Spells              Type           Power        Failure   Level  Hunger
a - Magic Dart            Conj           ###.         1%          1    None
b - Searing Ray           Conj           ###...       2%          2    ##.....


Dungeon Overview and Level Annotations

Branches:
Dungeon (3/15)

Annotations:
D:3 Ijyb


Innate Abilities, Weirdness & Mutations

You have an increased reservoir of magic. (+10% MP)


Message History

Okay, then.
As you read the scroll of fog, it crumbles to dust.
The scroll dissolves into smoke.
Ijyb zaps a wand.
You barely resist. Ijyb closely misses you.
Ijyb zaps a wand.
You are blasted!
* * * LOW HITPOINT WARNING * * *
Casting: Magic Dart
Confirm with . or Enter, or press ? or * to list all spells.
Aiming: Magic Dart
Press: ? - help, Shift-Dir - straight line, f/p - Ijyb
Aim: Ijyb, wearing a runed leather armour and carrying a wand of disintegration (?/24) {zapped: 6} (black smoke, lightly wounded)
The magic dart hits Ijyb.
Ijyb is lightly wounded.
Ijyb zaps a wand.
You barely resist.
It was a potion of cancellation.
Your magical effects are unravelling.
You feel magically purged.
Your resistance to elements expires.
Ijyb zaps a wand.
You are blasted!
You die...

#. .########## #.#
......§§§§# # #.#
.....§§§@§# #.#.#
......§§§§# #.#.#
(.....§g§§# ....
.(.##.§§§§#
####.#####.######§#
...........# #.#
####.##...## ###.###
####.##...# #.....#
.....##...#####.#.#.##


You could see Ijyb.

Vanquished Creatures
  A bullfrog skeleton (D:3)
  6 adders
  An ooze (D:2)
  A worm (D:3)
  2 dart slugs
  4 leopard geckos
  2 orcs (D:3)
  4 bats
  6 giant cockroaches
  5 goblins
  4 hobgoblins
  2 quokkas
  3 frilled lizards
  7 kobolds
  14 rats
62 creatures vanquished.

Notes
Turn   | Place    | Note
-------+----------+-------------------------------------------
     0 | D:1      | numbuhfour the Demigod Conjurer began the quest for the Orb.
     0 | D:1      | Reached XP level 1. HP: 14/14 MP: 5/5
   263 | D:1      | Reached XP level 2. HP: 17/20 MP: 5/7
   269 | D:1      | Reached skill level 4 in Conjurations
  1189 | D:2      | Reached XP level 3. HP: 26/26 MP: 2/8
  1208 | D:2      | Learned a level 2 spell: Searing Ray
  1542 | D:2      | Reached XP level 4. HP: 33/34 MP: 4/10
  2487 | D:3      | Noticed Ijyb
  2502 | D:3      | Blown up by Ijyb

Skill      XL: |  1  2  3  4 |
---------------+-------------+-----
Conjurations   | 4 |  4.9
Spellcasting   | 2 |  2.5
Stealth        | 2 |  2.3
Dodging        | 2 |  2.0
Fighting       | |  0.8
Unarmed Combat | |  0.5

Action                   |  1- 3 |  4- 6 || total
-------------------------+-------+-------++-------
Melee: Unarmed           |    30 |    11 ||    41
 Fire: Blowgun           |       |    10 ||    10
 Cast: Magic Dart        |    59 |    52 ||   111
       Searing Ray       |     7 |     7 ||    14
  Use: Scroll            |     5 |     2 ||     7
       Potion            |     2 |     5 ||     7
 Stab: Sleeping          |     1 |       ||     1
  Eat: Chunk             |     3 |     3 ||     6
Armor: Robe              |     5 |     6 ||    11
Dodge: Dodged            |    32 |    19 ||    51
